NCAA
MICHIGAN STATE SPARTANS @ LOUISVILLE CARDINALS
05/11/2024
 
TOP OF THE 1ST
Michigan State Spartans batting - Pitching for Louisville Cardinals : RHP Ralph Dukes
Pitching: RHP Ralph Dukes
Batting: SHB Wayne Matthews 0-0: Ground out 1-3 (Groundball, 15S)
Batting: LHB Troy Jackson 0-0: Ball
1-0: Called Strike
1-1: Fly out, F9 (Flyball, 9M)
Batting: RHB Jorge Carranza 0-0: Ball
1-0: Ball
2-0: Foul Ball, location: 2F
2-1: Ball
3-1: Called Strike
3-2: Foul Ball, location: 2F
3-2: Base on Balls
Batting: RHB Juan García 0-0: Ball
1-0: SINGLE (Line Drive, 34)
Jorge Carranza to second
Runner from 2nd tries for 3rd, SAFE, no throw or cutoff
Batting: SHB Edmond Richardson 0-0: Called Strike
0-1: Ball
1-1: Ball
2-1: Called Strike
2-2: 3-RUN HOME RUN (Flyball, 9LD), Distance : 317 ft
Batting: RHB Clinton Cook 0-0: Ball
1-0: Fly out, F8 (Flyball, 8RM)
Top of the 1st over - 3 run(s), 2 hit(s), 0 error(s), 0 left on base; Michigan State 3 - Louisville 0
BOTTOM OF THE 1ST
Louisville Cardinals batting - Pitching for Michigan State Spartans : LHP Jeff Sandusky
Pitching: LHP Jeff Sandusky
Batting: RHB Bobby Booker 0-0: Ball
1-0: Called Strike
1-1: Foul Ball, location: 2F
1-2: Foul Ball, location: 2F
1-2: Foul Ball, location: 2F
1-2: Foul Ball, location: 2F
1-2: Ball
2-2: Strikes out looking
Batting: RHB José González 0-0: DOUBLE (Line Drive, 7LS)
Batting: LHB Donovan Myers 0-0: Ball
1-0: Swinging Strike
1-1: Called Strike
1-2: Ball
2-2: Strikes out looking
Batting: LHB António Camacho 0-0: Ball
1-0: Swinging Strike
1-1: Foul Ball, location: 2F
1-2: Strikes out swinging
Bottom of the 1st over - 0 run(s), 1 hit(s), 0 error(s), 1 left on base; Michigan State 3 - Louisville 0
TOP OF THE 2ND
Michigan State Spartans batting - Pitching for Louisville Cardinals : RHP Ralph Dukes
Batting: RHB Andrew Holmes 0-0: Ball
1-0: Called Strike
1-1: Called Strike
1-2: Strikes out looking
Batting: RHB David Bautista 0-0: Fly out, F4 (Popup, 4D)
Batting: RHB Herman O'Gleason 0-0: Ball
1-0: Called Strike
1-1: Ball
2-1: Ball
3-1: Called Strike
3-2: Strikes out swinging
Top of the 2nd over - 0 run(s), 0 hit(s), 0 error(s), 0 left on base; Michigan State 3 - Louisville 0
BOTTOM OF THE 2ND
Louisville Cardinals batting - Pitching for Michigan State Spartans : LHP Jeff Sandusky
Batting: RHB Albert Valancía 0-0: Fly out, F7 (Flyball, 78M)
Batting: RHB Clark Greer 0-0: Ball
1-0: Called Strike
1-1: Ball
2-1: SOLO HOME RUN (Flyball, 7D), Distance : 364 ft
Batting: LHB Evan Díaz 0-0: Fly out, F7 (Flyball, 7LMF)
Batting: RHB James Everhart 0-0: Called Strike
0-1: Ball
1-1: Called Strike
1-2: DOUBLE (Line Drive, 7LM)
Batting: RHB Ronald Clark 0-0: Ball
1-0: Called Strike
1-1: Foul Ball, location: 2F
1-2: Strikes out looking
Bottom of the 2nd over - 1 run(s), 2 hit(s), 0 error(s), 1 left on base; Michigan State 3 - Louisville 1
TOP OF THE 3RD
Michigan State Spartans batting - Pitching for Louisville Cardinals : RHP Ralph Dukes
Batting: SHB Wayne Matthews 0-0: Ball
1-0: Called Strike
1-1: Foul Ball, location: 2F
1-2: Foul Ball, location: 2F
1-2: SINGLE (Groundball, 4MD)
Batting: LHB Troy Jackson 0-0: Called Strike
0-1: Ball
1-1: Swinging Strike
1-2: Foul Ball, location: 2F
1-2: Ball
2-2: Strikes out swinging
Batting: RHB Jorge Carranza 0-0: Called Strike
0-1: Ball
1-1: Swinging Strike
1-2: Ball
2-2: Foul Ball, location: 2F
2-2: Ball
3-2: Strikes out swinging
Batting: RHB Juan García 0-0: 2-RUN HOME RUN (Flyball, 78XD), Distance : 389 ft
Batting: SHB Edmond Richardson 0-0: Ball
1-0: Fly out, F6 (Line Drive, 6D)
Top of the 3rd over - 2 run(s), 2 hit(s), 0 error(s), 0 left on base; Michigan State 5 - Louisville 1
BOTTOM OF THE 3RD
Louisville Cardinals batting - Pitching for Michigan State Spartans : LHP Jeff Sandusky
Batting: RHB Bobby Booker 0-0: Ball
1-0: Ground out 1-3 (Groundball, 23)
Batting: RHB José González 0-0: Ball
1-0: SINGLE (Line Drive, 9S)
Batting: LHB Donovan Myers 0-0: Ball
1-0: Ball
2-0: Called Strike
2-1: Fly out, F4 (Line Drive, 34)
Batting: LHB António Camacho 0-0: Called Strike
0-1: Foul Ball, location: 2F
0-2: Strikes out swinging
Bottom of the 3rd over - 0 run(s), 1 hit(s), 0 error(s), 1 left on base; Michigan State 5 - Louisville 1
TOP OF THE 4TH
Michigan State Spartans batting - Pitching for Louisville Cardinals : RHP Ralph Dukes
Batting: RHB Clinton Cook 0-0: Fly out, F8 (Popup, 4D)
Batting: RHB Andrew Holmes 0-0: Ball
1-0: Foul Ball, location: 2F
1-1: Foul Ball, location: 2F
1-2: Ball
2-2: Ball
3-2: Foul Ball, location: 2F
3-2: Strikes out swinging
Batting: RHB David Bautista 0-0: Ground out 4-3 (Groundball, 4)
Top of the 4th over - 0 run(s), 0 hit(s), 0 error(s), 0 left on base; Michigan State 5 - Louisville 1
BOTTOM OF THE 4TH
Louisville Cardinals batting - Pitching for Michigan State Spartans : LHP Jeff Sandusky
Batting: RHB Albert Valancía 0-0: Ground out 6-3 (Groundball, 6M)
Batting: RHB Clark Greer 0-0: Called Strike
0-1: Ball
1-1: Ball
2-1: Ball
3-1: Swinging Strike
3-2: Strikes out swinging
Batting: LHB Evan Díaz 0-0: DOUBLE (Line Drive, 7LM)
Batting: RHB James Everhart 0-0: Foul Ball, location: 2F
0-1: Ball
1-1: Called Strike
1-2: Fly out, F8 (Flyball, 89M)
Bottom of the 4th over - 0 run(s), 1 hit(s), 0 error(s), 1 left on base; Michigan State 5 - Louisville 1
TOP OF THE 5TH
Michigan State Spartans batting - Pitching for Louisville Cardinals : RHP Ralph Dukes
Batting: RHB Herman O'Gleason 0-0: Ball
1-0: Swinging Strike
1-1: Ball
2-1: Ball
3-1: Called Strike
3-2: Foul Ball, location: 2F
3-2: Fly out, F7 (Flyball, 78M)
Batting: SHB Wayne Matthews 0-0: Swinging Strike
0-1: Foul Ball, location: 2F
0-2: Foul Ball, location: 2F
0-2: Strikes out looking
Batting: LHB Troy Jackson 0-0: Called Strike
0-1: Ball
1-1: Ball
2-1: Swinging Strike
2-2: Ball
3-2: Strikes out looking
Top of the 5th over - 0 run(s), 0 hit(s), 0 error(s), 0 left on base; Michigan State 5 - Louisville 1
BOTTOM OF THE 5TH
Louisville Cardinals batting - Pitching for Michigan State Spartans : LHP Jeff Sandusky
Batting: RHB Ronald Clark 0-0: Ball
1-0: Swinging Strike
1-1: Fly out, F8 (Flyball, 8RM)
Batting: RHB Bobby Booker 0-0: Ball
1-0: Called Strike
1-1: Swinging Strike
1-2: Strikes out swinging
Batting: RHB José González 0-0: Called Strike
0-1: Called Strike
0-2: Ball
1-2: Strikes out swinging
Bottom of the 5th over - 0 run(s), 0 hit(s), 0 error(s), 0 left on base; Michigan State 5 - Louisville 1
TOP OF THE 6TH
Michigan State Spartans batting - Pitching for Louisville Cardinals : RHP Ralph Dukes
Batting: RHB Jorge Carranza 0-0: Swinging Strike
0-1: Ball
1-1: Foul Ball, location: 2F
1-2: Foul Ball, location: 2F
1-2: Foul Ball, location: 2F
1-2: Ball
2-2: Foul Ball, location: 2F
2-2: Strikes out looking
Pitching: RHP Tony Sánchez
Batting: RHB Juan García 0-0: Ball
1-0: Ball
2-0: Foul Ball, location: 2F
2-1: Fly out, F8 (Flyball, 78XD)
Batting: SHB Edmond Richardson 0-0: Called Strike
0-1: Ball
1-1: Called Strike
1-2: Ball
2-2: Foul Ball, location: 2F
2-2: Ball
3-2: Base on Balls
Batting: RHB Clinton Cook 0-0: Foul Ball, location: 2F
0-1: Foul Ball, location: 2F
0-2: Ball
1-2: Strikes out swinging
Top of the 6th over - 0 run(s), 0 hit(s), 0 error(s), 1 left on base; Michigan State 5 - Louisville 1
BOTTOM OF THE 6TH
Louisville Cardinals batting - Pitching for Michigan State Spartans : LHP Jeff Sandusky
Batting: LHB Donovan Myers 0-0: Ball
1-0: Called Strike
1-1: Swinging Strike
1-2: Foul Ball, location: 2F
1-2: Strikes out swinging
Batting: LHB António Camacho 0-0: Ball
1-0: Ground out 4-3 (Groundball, 4S)
Batting: RHB Albert Valancía 0-0: Called Strike
0-1: Foul Ball, location: 2F
0-2: Ball
1-2: Ball
2-2: Ball
3-2: SINGLE (Groundball, 4MD)
Batting: RHB Clark Greer 0-0: Swinging Strike
0-1: Ground out 3-1 (Groundball, 34)
Bottom of the 6th over - 0 run(s), 1 hit(s), 0 error(s), 1 left on base; Michigan State 5 - Louisville 1
TOP OF THE 7TH
Michigan State Spartans batting - Pitching for Louisville Cardinals : RHP Tony Sánchez
Batting: RHB Andrew Holmes 0-0: Swinging Strike
0-1: Called Strike
0-2: Fly out, F8 (Flyball, 8RM)
Batting: RHB David Bautista 0-0: SINGLE (Line Drive, 78M)
Batting: RHB Herman O'Gleason 0-0: Ball
Wild Pitch!
David Bautista to second
1-0: 2-RUN HOME RUN (Flyball, 7LD), Distance : 330 ft
Batting: SHB Wayne Matthews 0-0: SINGLE (Line Drive, 56)
Batting: LHB Troy Jackson 0-0: Ball
1-0: Grounds into double play, U4-3 (Groundball, 4)
Top of the 7th over - 2 run(s), 3 hit(s), 0 error(s), 0 left on base; Michigan State 7 - Louisville 1
BOTTOM OF THE 7TH
Louisville Cardinals batting - Pitching for Michigan State Spartans : LHP Jeff Sandusky
Pitching: RHP Darren Payne
Batting: LHB Evan Díaz 0-0: Ball
1-0: Fly out, F7 (Flyball, 78S)
Batting: RHB James Everhart 0-0: Ball
1-0: Ball
2-0: Called Strike
2-1: Fly out, F9 (Line Drive, 9LM)
Batting: RHB Ronald Clark 0-0: Ball
1-0: Ball
2-0: Ball
3-0: Called Strike
3-1: Ground out 6-3 (Groundball, 6)
Bottom of the 7th over - 0 run(s), 0 hit(s), 0 error(s), 0 left on base; Michigan State 7 - Louisville 1
TOP OF THE 8TH
Michigan State Spartans batting - Pitching for Louisville Cardinals : RHP Tony Sánchez
Batting: RHB Jorge Carranza 0-0: Reached on error, E6 (Groundball, 6MS)
Batting: RHB Juan García 0-0: Called Strike
0-1: Called Strike
0-2: Ball
1-2: Ball
2-2: Ball
3-2: Ground out 5-3 (Groundball, 56S)
Jorge Carranza to second
Pitching: LHP Frank Campbell
Batting: SHB Edmond Richardson 0-0: Ball
1-0: Foul Ball, location: 2F
1-1: Swinging Strike
1-2: Ground out 2-3 (Groundball, 2R)
Jorge Carranza to third
Batting: RHB Clinton Cook 0-0: Ball
1-0: Swinging Strike
1-1: Ball
2-1: Ball
3-1: Foul Ball, location: 2F
3-2: Foul Ball, location: 2F
3-2: Base on Balls
Batting: RHB Andrew Holmes 0-0: Ball
1-0: Ball
2-0: Ball
3-0: Base on Balls
Clinton Cook to second
Batting: RHB David Bautista 0-0: Ball
1-0: Ball
2-0: Fly out, F8 (Flyball, 89M)
Top of the 8th over - 0 run(s), 0 hit(s), 1 error(s), 3 left on base; Michigan State 7 - Louisville 1
BOTTOM OF THE 8TH
Louisville Cardinals batting - Pitching for Michigan State Spartans : RHP Darren Payne
Batting: RHB Bobby Booker 0-0: Called Strike
0-1: Ball
1-1: Ball
2-1: Ball
3-1: Base on Balls
Batting: RHB José González 0-0: Ball
1-0: Foul Ball, location: 2F
1-1: SINGLE (Groundball, 56D)
Bobby Booker to second
Batting: LHB Donovan Myers 0-0: Called Strike
0-1: Swinging Strike
0-2: Ball
1-2: Strikes out looking
Batting: LHB António Camacho 0-0: Ball
1-0: Foul Ball, location: 2F
1-1: Fly out, F3 (Popup, 3SF)
Batting: RHB Albert Valancía 0-0: Fly out, F7 (Flyball, 78M)
Bottom of the 8th over - 0 run(s), 1 hit(s), 0 error(s), 2 left on base; Michigan State 7 - Louisville 1
TOP OF THE 9TH
Michigan State Spartans batting - Pitching for Louisville Cardinals : LHP Frank Campbell
Batting: RHB Herman O'Gleason 0-0: SINGLE (Groundball, 4M)
Batting: SHB Wayne Matthews 0-0: Bunted foul
0-1: Called Strike
Herman O'Gleason steals 2nd base
0-2: Ball
1-2: Strikes out swinging
Batting: LHB Troy Jackson 0-0: Ball
1-0: Foul Ball, location: 2F
1-1: Ball
2-1: Ball
3-1: Called Strike
3-2: Fly out, F8 (Flyball, 8LM)
Batting: RHB Jorge Carranza 0-0: Ball
1-0: Ball
2-0: Swinging Strike
2-1: Ball
3-1: Base on Balls
Batting: RHB Juan García 0-0: Foul Ball, location: 2F
0-1: Ball
1-1: Fielders Choice at 2nd, 6-4 (Groundball, 6)
Top of the 9th over - 0 run(s), 1 hit(s), 0 error(s), 1 left on base; Michigan State 7 - Louisville 1
BOTTOM OF THE 9TH
Louisville Cardinals batting - Pitching for Michigan State Spartans : RHP Darren Payne
Batting: RHB Clark Greer 0-0: Called Strike
0-1: Ball
1-1: Ball
2-1: Foul Ball, location: 2F
2-2: Foul Ball, location: 2F
2-2: Foul Ball, location: 2F
2-2: Ball
3-2: Base on Balls
Batting: LHB Evan Díaz 0-0: Called Strike
0-1: Ball
1-1: Ball
2-1: Ball
3-1: Swinging Strike
3-2: Base on Balls
Clark Greer to second
Batting: RHB James Everhart 0-0: Called Strike
0-1: Ball
1-1: SINGLE (Groundball, 56)
Clark Greer to third
Evan Díaz to second
Runner from 3rd tries for Home, SAFE, throw made at trailing runner, OUT at third!
Batting: RHB Ronald Clark 0-0: Ball
1-0: Called Strike
1-1: Hit by Pitch
James Everhart to second
Batting: RHB Bobby Booker 0-0: Called Strike
0-1: Ball
1-1: Foul Ball, location: 2F
1-2: Ball
2-2: Fly out, F9 (Flyball, 9S)
2-2: Fly out, F9 (Flyball, 9S)
Pitching: RHP Nick Blackburn
Batting: RHB José González 0-0: Foul Ball, location: 2F
0-1: Ball
1-1: Swinging Strike
1-2: Ball
2-2: Strikes out swinging
Bottom of the 9th over - 1 run(s), 1 hit(s), 0 error(s), 2 left on base; Michigan State 7 - Louisville 2
This league is powered by Out of the Park Baseball, the baseball management simulation game for PC, Mac and Linux
Saturday, April 9th, 2016 - OOTP Baseball 16.8 Build 38